 Dungeon Sprint DCSS version 0.21.0-3-g78d12a8 (webtiles) character file.

13200000 dobroeutro the Conqueror (level 27, -127/199 HPs)
             Began as a Gargoyle Monk on Jan 17, 2018.
             Was the Champion of Makhleb.
             Annihilated by a fleshlord
             ... wielding a +9 great mace
              (326 damage)
             ... in the Dungeon (Sprint VIII: "Arena of Blood").
             The game lasted 00:05:39 (132 turns).

dobroeutro the Conqueror (Gargoyle Monk)             Turns: 132, Time: 00:05:40

Health: -127/199   AC: 25    Str: 26    XL:     27
Magic:  45/54      EV: 28    Int: 13    God:    Makhleb [******]
Gold:   0          SH:  0    Dex: 12    Spells: 80/80 levels left

rFire    . . .     SeeInvis .   i - +∞ Axe of Woe
rCold    . . .     Gourm    .   (shield currently unavailable)
rNeg     + . .     Faith    .   a - +0 robe
rPois    ∞         Spirit   .   (no helmet)
rElec    +         Reflect  .   (no cloak)
rCorr    .         Harm     .   (no gloves)
MR       ++...     NoTele   +   (no boots)
Stlth    +++++++++.             (no amulet)
HPRegen  0.43/turn              (no ring)
MPRegen  0.34/turn              (no ring)

@: slowed, very slow
A: big wings, negative energy resistance 1, electricity resistance, unbreathing,
petrification resistance, rot immunity, AC +20
a: Fly, Minor Destruction, Lesser Servant of Makhleb, Major Destruction, Greater
Servant of Makhleb, Renounce Religion


You were in the Dungeon.
You worshipped Makhleb.
Makhleb was exalted by your worship.
You were not hungry.

You visited 1 branch

Inventory:

Hand Weapons
 i - the +∞ Axe of Woe (weapon)
   (You found it in the Dungeon)
Armour
 a - a +0 robe (worn)
Scrolls
 h - a scroll of blinking
Potions
 c - a potion of curing
 d - a potion of heal wounds
 e - a potion of haste
 f - 2 potions of magic
 g - a potion of berserk rage
Comestibles
 b - a ration


   Skills:
 O Level 27 Fighting
 O Level 27 Axes
 O Level 27 Throwing
 O Level 27 Armour
 O Level 27 Dodging
 O Level 27 Stealth
 O Level 27 Unarmed Combat
 O Level 27 Spellcasting
 O Level 27 Invocations


You had 80 spell levels left.
You didn't know any spells.

Dungeon Overview and Level Annotations

Branches:
Dungeon (1/1)

Altars:
Makhleb


Innate Abilities, Weirdness & Mutations

You are resistant to torment.
Your stone body is resilient. (AC +20)
You are immune to poison.
Your large and strong wings let you fly indefinitely.
You resist negative energy. (rN+)
You are resistant to electric shocks. (rElec)
You can survive without breathing.
You are immune to petrification.
You are immune to rotting.


Message History

You hear a shout!
The fleshlord appears out of thin air!
A fleshlord comes into view. It is wielding a +9 great mace.
The fleshlord shouts!
You slash the meat berserker!
You fatally mangle the meat berserker.
You kill the meat berserker!
Makhleb accepts your kill.
You feel better.
You carve something like a ham!!!
You pulverise something into a thin bloody mist.
Makhleb accepts your kill.
Reactivating autopickup.
You feel a bit more experienced.
You hear a shout! x2
The fleshlord casts a spell at you.
You feel as though you will be slow longer.
You hear a shout! x3
The fleshlord points at you and mumbles some strange words.
The fleshlord hits you with a +9 great mace!!!!!!
Ouch! That really hurt!
You die...

#............#..%..#
#.........#.....%###
#....#...p..).D.%.))
#....##....))§#...))
#.....#..§)§#))....)
#=.p...###L§)..)%)).
#.....##§§M§#))))2).
#..))#..{M§..%#)§)).
#..@p#..........%...
#.).......%......###
#..%.....%....%..% #
#.........p.%......#
#......p..#.........
#........#.#.#....%
#........p#.#...
#..###...#.#.#.


You could see 6 fleshlords.

Vanquished Creatures
  2 hell knights (D)
  12 hell beasts (D)
  6 greater mummies (D)
  5 great orbs of eyes (D)
  5 wraiths (D)
  16 vampire knights (D)
  24 ogres (D)
  11 two-headed ogres (D)
  7 liches (D)
  A hydra (D)
  84 orcs (D)
  8 phantoms (D)
  4 skeletal warriors (D)
  3 sea snakes (D)
  4 small abominations (D)
  7 large abominations (D)
  6 crawling corpses (D)
205 creatures vanquished.

Vanquished Creatures (collateral kills)
  A small abomination (D)
1 creature vanquished.

Grand Total: 206 creatures vanquished

Notes
Turn   | Place    | Note
-------+----------+-------------------------------------------
     0 | D        | Found the +∞ Axe of Woe
     0 | D        | dobroeutro the Gargoyle Monk began the quest for the Orb.
     0 | D        | Reached XP level 1. HP: 14/14 MP: 1/1
     2 | D        | Noticed a bag of meat
     2 | D        | Noticed a bag of meat
     2 | D        | Noticed a bag of meat
     4 | D        | Noticed a bag of meat
     5 | D        | Noticed a bag of meat
     6 | D        | Became a worshipper of Makhleb the Destroyer
     6 | D        | Reached * piety under Makhleb
     6 | D        | Reached ** piety under Makhleb
     7 | D        | Noticed a bag of meat
     7 | D        | Killed a bag of meat
     7 | D        | Reached skill level 15 in Unarmed Combat
     7 | D        | Reached XP level 2. HP: 38/38 MP: 2/2
     7 | D        | Reached XP level 3. HP: 43/43 MP: 3/3
     7 | D        | Reached XP level 4. HP: 49/49 MP: 4/4
     7 | D        | Reached XP level 5. HP: 54/54 MP: 5/5
     7 | D        | Reached XP level 6. HP: 60/60 MP: 6/6
     7 | D        | Reached XP level 7. HP: 64/64 MP: 7/7
     7 | D        | Reached XP level 8. HP: 71/71 MP: 8/8
     7 | D        | Reached XP level 9. HP: 76/76 MP: 9/9
     7 | D        | Reached XP level 10. HP: 81/81 MP: 10/10
     7 | D        | Reached XP level 11. HP: 86/86 MP: 11/11
     7 | D        | Reached XP level 12. HP: 92/92 MP: 12/12
     8 | D        | Killed a bag of meat
     8 | D        | Reached skill level 15 in Dodging
     8 | D        | Reached XP level 13. HP: 100/100 MP: 12/19
     9 | D        | Noticed a meat berserker
     9 | D        | Killed a bag of meat
     9 | D        | Reached skill level 10 in Axes
     9 | D        | Gained mutation: Your large and strong wings let you fly indefinitely. [Gargoyle growth]
     9 | D        | Reached XP level 14. HP: 41/108 MP: 12/22
     9 | D        | Killed a bag of meat
     9 | D        | Reached *** piety under Makhleb
     9 | D        | Reached skill level 15 in Stealth
     9 | D        | Killed a bag of meat
     9 | D        | Reached XP level 15. HP: 106/115 MP: 12/25
     9 | D        | Reached skill level 15 in Armour
     9 | D        | Reached skill level 15 in Invocations
    10 | D        | Noticed a meat berserker
    11 | D        | Noticed a meat berserker
    11 | D        | Noticed a meat berserker
    12 | D        | Killed a meat berserker
    12 | D        | Reached **** piety under Makhleb
    12 | D        | Reached skill level 15 in Axes
    12 | D        | Reached XP level 16. HP: 125/125 MP: 13/28
    13 | D        | Noticed a meat berserker
    13 | D        | Killed a meat berserker
    13 | D        | Reached XP level 17. HP: 135/135 MP: 13/30
    14 | D        | Killed a meat berserker
    14 | D        | Reached ***** piety under Makhleb
    14 | D        | Reached XP level 18. HP: 143/143 MP: 13/32
    15 | D        | Noticed a large bag of meat
    16 | D        | Noticed a meat berserker
    16 | D        | Noticed a meat berserker
    17 | D        | Noticed a meat berserker
    17 | D        | Killed a meat berserker
    17 | D        | Reached skill level 27 in Fighting
    17 | D        | Reached XP level 19. HP: 151/151 MP: 14/34
    18 | D        | Noticed a destroyer
    18 | D        | Noticed a meat berserker
    18 | D        | Noticed a meat berserker
    19 | D        | Killed a meat berserker
    19 | D        | Reached skill level 27 in Stealth
    19 | D        | Killed a meat berserker
    19 | D        | Reached skill level 27 in Armour
    19 | D        | Reached skill level 27 in Invocations
    19 | D        | Reached XP level 20. HP: 157/157 MP: 14/37
    20 | D        | Killed a meat berserker
    20 | D        | Reached skill level 27 in Axes
    20 | D        | Reached skill level 27 in Dodging
    20 | D        | Reached skill level 10 in Throwing
    20 | D        | Reached XP level 21. HP: 163/163 MP: 15/38
    20 | D        | Reached ****** piety under Makhleb
    22 | D        | Noticed a destroyer
    22 | D        | Noticed a destroyer
    22 | D        | Killed a meat berserker
    23 | D        | Noticed a large bag of meat
    23 | D        | Killed a large bag of meat
    23 | D        | Reached XP level 22. HP: 169/169 MP: 15/46
    24 | D        | Noticed a destroyer
    24 | D        | Killed a destroyer
    24 | D        | Reached skill level 27 in Unarmed Combat
    24 | D        | Reached skill level 27 in Throwing
    24 | D        | Reached skill level 27 in Spellcasting
    24 | D        | Reached XP level 23. HP: 175/175 MP: 15/54
    25 | D        | Noticed a destroyer
    26 | D        | Killed a destroyer
    26 | D        | Reached XP level 24. HP: 181/181 MP: 16/54
    28 | D        | Reached XP level 25. HP: 187/187 MP: 16/54
    29 | D        | Killed a destroyer
    29 | D        | Reached XP level 26. HP: 193/193 MP: 17/54
    32 | D        | Killed a large bag of meat
    32 | D        | Killed a destroyer
    32 | D        | Reached XP level 27. HP: 199/199 MP: 17/54
    34 | D        | Noticed a large bag of meat
    34 | D        | Killed a destroyer
    36 | D        | Noticed a destroyer
    37 | D        | Noticed a destroyer
    37 | D        | Killed a large bag of meat
    40 | D        | Noticed a destroyer
    41 | D        | Noticed a destroyer
    41 | D        | Noticed a large bag of meat
    41 | D        | Killed a destroyer
    44 | D        | Noticed a destroyer
    44 | D        | Noticed a destroyer
    44 | D        | Noticed a destroyer
    45 | D        | Killed a destroyer
    46 | D        | Noticed a destroyer
    47 | D        | Noticed a tyrant
    47 | D        | Killed a destroyer
    47 | D        | Killed a destroyer
    49 | D        | Killed a destroyer
    49 | D        | Killed a tyrant
    49 | D        | Killed a large bag of meat
    50 | D        | Killed a destroyer
    52 | D        | Noticed a large bag of meat
    52 | D        | Killed a destroyer
    53 | D        | Noticed a destroyer
    53 | D        | Killed a destroyer
    55 | D        | Noticed an accursed
    59 | D        | Noticed an accursed
    59 | D        | Killed an accursed
    59 | D        | Killed a destroyer
    60 | D        | Noticed a tyrant
    61 | D        | Noticed a tyrant
    61 | D        | Noticed a large bag of meat
    63 | D        | Killed a large bag of meat
    64 | D        | Noticed a destroyer
    66 | D        | Noticed a dread
    67 | D        | Noticed a meat beast
    67 | D        | Killed a destroyer
    67 | D        | Killed an accursed
    68 | D        | Noticed a large bag of meat
    69 | D        | Noticed a meat beast
    69 | D        | Killed a tyrant
    69 | D        | Killed a large bag of meat
    71 | D        | Noticed a large bag of meat
    71 | D        | Noticed a meat beast
    71 | D        | Killed a meat beast
    72 | D        | Noticed a meat beast
    72 | D        | Killed a tyrant
    74 | D        | Noticed a dread
    75 | D        | Noticed an accursed
    75 | D        | Killed a meat beast
    75 | D        | Killed a meat beast
    75 | D        | Killed a meat beast
    78 | D        | Noticed a tyrant
    78 | D        | Noticed a meat beast
    80 | D        | Killed a large bag of meat
    80 | D        | Killed a dread
    81 | D        | Killed a meat beast
    83 | D        | Noticed a meat beast
    83 | D        | Noticed a meat beast
    83 | D        | Killed an accursed
    84 | D        | Noticed a destroyer
    85 | D        | Killed a meat beast
    86 | D        | Killed a meat beast
    86 | D        | Killed a tyrant
    88 | D        | Noticed a large bag of meat
    88 | D        | Killed a dread
    90 | D        | Killed a large bag of meat
    90 | D        | Killed a destroyer
    92 | D        | Noticed a meat beast
    95 | D        | Noticed a meat beast
    96 | D        | Noticed a large bag of meat
    96 | D        | Noticed a meat beast
    96 | D        | Noticed a large bag of meat
    97 | D        | Noticed an accursed
    98 | D        | Noticed an accursed
    98 | D        | Killed a large bag of meat
    98 | D        | Killed a meat beast
    99 | D        | Noticed a dread
   100 | D        | Killed a meat beast
   100 | D        | Killed a meat beast
   101 | D        | Noticed an accursed
   103 | D        | Noticed a tyrant
   104 | D        | Noticed a meat beast
   105 | D        | Noticed a dread
   108 | D        | Killed a tyrant
   108 | D        | Killed a large bag of meat
   109 | D        | Noticed a tyrant
   110 | D        | Killed a dread
   111 | D        | Noticed a dread
   111 | D        | Killed a large bag of meat
   112 | D        | Killed a meat beast
   114 | D        | Killed an accursed
   114 | D        | Killed a dread
   116 | D        | Killed a dread
   117 | D        | Noticed a tyrant
   117 | D        | Killed a tyrant
   121 | D        | Noticed a fleshlord
   121 | D        | Noticed a meat beast
   121 | D        | Noticed a fleshlord
   122 | D        | Noticed a fleshlord
   124 | D        | Killed a fleshlord
   125 | D        | Killed a meat beast
   128 | D        | Noticed a fleshlord
   128 | D        | Killed an accursed
   129 | D        | Noticed a fleshlord
   129 | D        | Killed a fleshlord
   130 | D        | Killed a tyrant
   131 | D        | Noticed a fleshlord
   131 | D        | Noticed a fleshlord
   131 | D        | Killed an accursed
   131 | D        | Noticed a fleshlord
   132 | D        | Annihilated by a fleshlord

Skill      XL: |  1  2  3  4  5  6  7  8  9 10 11 12 13 14 15 16 17 18 19 20 21 22 |
---------------+-------------------------------------------------------------------+-----
Fighting       | 17 19 20 21 23 25 26 27 | 27.0
Axes           | 3 8 10 12 15 17 18 21 24 27 | 27.0
Dodging        | 13 15 17 18 20 21 22 25 27 | 27.0
Stealth        | 7 11 13 16 19 22 23 26 27 | 27.0
Unarmed Combat | 15 18 25 27 | 27.0
Armour         | 8 11 14 17 19 21 24 27 | 27.0
Invocations    | 8 11 14 17 19 21 23 27 | 27.0
Throwing       | 10 20 27 | 27.0
Spellcasting   | 11 20 27 | 27.0

Action                   |  1- 3 |  4- 6 |  7- 9 | 10-12 | 13-15 | 16-18 | 19-21 | 22-24 | 25-27 || total
-------------------------+-------+-------+-------+-------+-------+-------+-------+-------+-------++-------
Melee: Executioner's axe |     1 |       |       |     1 |     2 |     4 |     4 |     5 |    77 ||    94
Invok: Greater Servant o |       |       |       |       |       |       |     1 |       |     2 ||     3
Armor: Robe              |       |       |       |       |       |       |       |       |    26 ||    26
Dodge: Dodged            |       |       |       |       |     1 |     1 |       |       |     9 ||    11
